 Dungeon Crawl Stone Soup version 0.31-a0-765-g67fe2935dc (webtiles) character file.

Game seed: 4027574987427061736

53 quakins the Ruffian (level 3, -2/32 HPs)
             Began as a Troll Shapeshifter on Sept 16, 2023.
             Was a Believer of Jiyva.
             Slain by Grinder (5 damage)
             ... on level 3 of the Dungeon.
             The game lasted 00:01:43 (1429 turns).

quakins the Ruffian (Troll Shapeshifter)            Turns: 1429, Time: 00:01:44

Health: -2/32      AC:  4    Str: 24    XL:     3   Next: 62%
Magic:  2/2        EV:  9    Int:  6    God:    Jiyva [**....]
Gold:   86         SH:  0    Dex:  9    Spells: 2/2 levels left

rFire   . .          .
                       - Unarmed
rCold   . . .        (no shield)
rNeg    . . .        a - +0 animal skin
rPois   .            (helmet currently unavailable)
rElec   .            (cloak currently unavailable)
rCorr   +            (gloves unavailable)
SInv    .            (boots unavailable)
Will    .....        (no amulet)
Stlth   +            (no ring)
HPRegen 2.01/turn    (no ring)
MPRegen 0.38/turn

%: no passive effects
@: beast-form
A: beast (slay +1), large, unfitting armour, claws 3, regeneration 1, shaggy fur
1, tough skin 1
a: Begin Untransformation, Renounce Religion


You were on level 3 of the Dungeon.
You worshipped Jiyva.
Jiyva was pleased with you.
You were a hulking beast.
You visited 1 branch of the dungeon, and saw 3 of its levels.

You collected 86 gold pieces.

Inventory:

Armour
 a - a +0 animal skin (worn)
Talismans
 c - a beast talisman (active)
 d - a flux talisman
Scrolls
 e - 2 scrolls of immolation {unknown}
 f - 3 scrolls of identify {unknown}
 k - a scroll of vulnerability {unknown}
 l - a scroll of fog {unknown}
Potions
 b - a potion of lignification
 g - a potion of heal wounds {unknown}
 h - a potion of degeneration {unknown}
 i - 2 potions of curing {unknown}
 j - a potion of mutation {unknown}


   Skills:
 - Level 0.7 Fighting
 - Level 1.5 Dodging
 + Level 4.7 Unarmed Combat
 - Level 3.0 Shapeshifting


You had 2 spell levels left.
You didn't know any spells.
Your spell library was empty.

Dungeon Overview and Level Annotations

Branches:
Dungeon (3/15)

Altars:
Trog
Jiyva

Annotations:
D:3 Grinder


Innate Abilities, Weirdness & Mutations

You are a hulking beast.
Your limbs bulge with bestial killing power. (Slay +1)
You are too large for most types of armour.
You have claws for hands.
Your natural rate of healing is unusually fast.
You are covered in fur. (AC +1)
You have tough skin. (AC +1)


Message History

There is a stone staircase leading up here.
Grinder and a rat come into view.
Found 14 gold pieces.
There are monsters nearby!
There are monsters nearby!
There are monsters nearby!
Grinder says, "Make like a tree!"
There is a stone staircase leading up here.
The rat bites you.
You scratch the rat.
You kill the rat!
You scratch Grinder. Your claw misses Grinder.
Grinder is lightly wounded.
Grinder hits you but does no damage.
You scratch Grinder.
Grinder is lightly wounded.
Grinder gestures at you. You resist with significant effort.
You closely miss Grinder.
Grinder is lightly wounded.
Grinder hits you!
You writhe in agony.
You completely miss Grinder.
Grinder is lightly wounded.
Grinder barely misses you.
You barely miss Grinder.
Grinder is lightly wounded.
Grinder gestures at you. Pain shoots through your body!
* * * LOW HITPOINT WARNING * * *
You closely miss Grinder. You claw Grinder.
Grinder is lightly wounded.
Grinder gestures at you. You resist with significant effort.
You claw Grinder!
Grinder is heavily wounded.
Grinder hits you!
* * * LOW HITPOINT WARNING * * *
You writhe in agony.
You die...
Grinder says, "Now the real fun starts!"

...# #..# #..#
#..# ####..###
#
........###.##.
##...........
#...h5.......
#.#...##.......
#....<# .......
#.#...# ......$
# #.... ....^..
....##........
..... ........
#.#.##. #...###
# #. #. ..


You could see Grinder.

Vanquished Creatures
  2 adders (D:2)
  A worm (D:2)
  A dart slug (D:1)
  An endoplasm (D:1)
  3 goblins
  3 hobgoblins
  2 quokkas (D:1)
  4 ball pythons
  3 bats
  3 frilled lizards
  6 kobolds
  4 rats
33 creatures vanquished.

Vanquished Creatures (others)
  An adder (D:2)
  A worm (D:2)
  A frilled lizard (D:2)
  A kobold (D:2)
  A rat (D:2)
5 creatures vanquished.

Grand Total: 38 creatures vanquished

Notes
Turn   | Place    | Note
-------+----------+-------------------------------------------
     0 | D:1      | quakins the Troll Shapeshifter began the quest for the Orb.
     0 | D:1      | Reached XP level 1. HP: 18/18 MP: 0/0
    95 | D:1      | Reached XP level 2. HP: 26/26 MP: 1/1
   413 | D:1      | Found a faded altar of an unknown god.
   437 | D:1      | Prayed at the altar of an unknown god.
   437 | D:1      | Became a worshipper of Jiyva Joheaw the Shapeless
   437 | D:1      | Reached * piety under Jiyva
   454 | D:1      | Reached skill level 4 in Unarmed Combat
   744 | D:2      | Reached XP level 3. HP: 32/32 MP: 2/2
   814 | D:2      | Reached ** piety under Jiyva
  1304 | D:2      | Found a bloodstained altar of Trog.
  1415 | D:3      | Noticed Grinder
  1429 | D:3      | Slain by Grinder

Illustrated notes

Levels and vault maps discovered:
D:1:      erik_arrival_blinker_ship, layout_basic,
          ebering_ecumenical_altar_hall, minmay_misc_feat_encased
D:2:      layout_basic, basic_altar, grunt_decor_junction
D:3:      layout_loops_ring, gammafunk_ghost_smash,
          chequers_serial_rivers_micro_a, uniq_grinder

Skill      XL: |  1  2 |
---------------+-------+-----
Unarmed Combat | 4 |  4.7
Fighting       | |  0.7
Dodging        | |  1.5
Shapeshifting  | |  3.0

Action                     || total
---------------------------++-------
  Melee: Unarmed           ||    90
         Punch             ||     1
 Armour: Animal skin       ||    47
  Dodge: Dodged            ||    38

Table legend: (Time is in decaauts)
 A = Elapsed time spent in this place.
 B = Non-inter-level travel time spent in this place.
 C = Inter-level travel time spent in this place.
 D = Time resting spent in this place.
 E = Time spent auto-exploring this place.
 F = Levels seen in this place.
 G = Mean time per level.
                   A        B        C        D        E       F      G
               +--------+--------+--------+--------+--------+-----+--------+
         Total |   1421 |   1378 |     43 |      0 |   1137 |   3 |  473.7 |
       Dungeon |   1421 |   1378 |     43 |      0 |   1137 |   3 |  473.7 |
               +--------+--------+--------+--------+--------+-----+--------+

Top non-repeatable levels by time:
     D:2: 810 daAuts
     D:1: 594 daAuts
     D:3: 17 daAuts
